 Dungeon Crawl Stone Soup version 0.28-a0-1212-gc6b4282bc0 (webtiles) character file.

Game seed: 5606065592685512337

1376 Essalna the Firebug (level 8, 0/54 HPs)
             Began as a Demonspawn Fire Elementalist on Dec 21, 2021.
             Succumbed to a killer bee's poison
             ... on level 6 of the Dungeon.
             The game lasted 00:09:15 (6784 turns).

Essalna the Firebug (Demonspawn Fire Elementalist)  Turns: 6784, Time: 00:09:16

Health: 0/54       AC:  9    Str:  8    XL:     8   Next: 39%
Magic:  13/25      EV: 16    Int: 19    God:
Gold:   171        SH:  4    Dex: 14    Spells: 15/18 levels left

rFire   . . .      SeeInvis .   q - +2 hand axe (elec)
rCold   . . .      Faith    .   x - +0 buckler
rNeg    . . .      Spirit   .   a - +0 robe
rPois   .          Reflect  .   t - +0 helmet
rElec   .          Harm     .   (no cloak)
rCorr   .          Rampage  .   (no gloves)
Will    .....                   (no boots)
Stlth   ++........              (no amulet)
HPRegen 0.18/turn               k - ring of magical power
MPRegen 0.19/turn               (no ring)

@: mighty, agile, lethally poisoned (0 -> -11), sanguine armoured
A: powered by pain 2, sanguine armour 1
a: no special abilities


You were on level 6 of the Dungeon.
You visited 1 branch of the dungeon, and saw 6 of its levels.

You collected 171 gold pieces.

Inventory:

Hand Weapons
 c - a +0 dagger
 q - a +2 hand axe of electrocution (weapon)
Armour
 a - a +0 robe (worn)
 t - a +0 helmet (worn)
 x - a +0 buckler (worn)
Jewellery
 k - a ring of magical power (left hand)
Wands
 m - a wand of flame (3)
 v - a wand of paralysis (9)
Scrolls
 d - 3 scrolls of teleportation {unknown}
 f - 3 scrolls of identify {unknown}
 g - 2 scrolls of amnesia {unknown}
 h - a scroll of enchant weapon {unknown}
 i - 2 scrolls of fog {unknown}
 l - 2 scrolls of noise {unknown}
 n - a scroll of brand weapon {unknown}
 r - a scroll of torment {unknown}
 s - a scroll of holy word {unknown}
Potions
 b - a potion of might
 e - a potion of heal wounds {unknown}
 j - 2 potions of berserk rage {unknown}
 o - a potion of brilliance {unknown}
 p - a potion of mutation {unknown}
 u - 2 potions of invisibility {unknown}
 w - a potion of lignification {unknown}


   Skills:
 + Level 1.0 Fighting
 - Level 1.7 Dodging
 - Level 1.7 Stealth
 + Level 0.9 Shields
 + Level 5.7 Spellcasting
 + Level 5.8 Conjurations
 + Level 5.9 Fire Magic


You had 15 spell levels left.
You knew the following spells:

 Your Spells              Type           Power      Damage    Failure   Level
a - Foxfire               Conj/Fire      100%       2x1d9     1%          1
b - Scorch                Fire           56%        2d8       2%          2

Your spell library contained the following spells:

 Spells                   Type           Power      Damage    Failure   Level
 Conjure Flame            Conj/Fire      27%        6-21      4%          3
 Flame Wave               Conj/Fire      27%        2d6       14%         4
 Inner Flame              Hex/Fire       16%        N/A       16%         3
 Ensorcelled Hibernation  Hex/Ice        10%        N/A       26%         2
 Passwall                 Tmut/Erth      4%         N/A       26%         2
 Swiftness                Air            5%         N/A       45%         3
 Tukima's Dance           Hex            5%         N/A       45%         3


Dungeon Overview and Level Annotations

Branches:
Dungeon (6/15)
 Temple: D:4-7

Altars:
Fedhas

Shops:
D:3 (


Innate Abilities, Weirdness & Mutations

You sometimes gain power by taking damage.
When seriously injured, your blood forms armour. (AC +6)


Message History

The killer bee stings you but does no damage.
The killer bee stings you.
You are lethally poisoned!
The killer bee poisons you! The killer bee closely misses you.
Casting: Foxfire (safe; 1% risk of failure)
Confirm with . or Enter, or press ? or * to list all spells.
Flames lash the killer bee.
You kill the killer bee!
You feel very sick.
The foxfire hits the killer bee.
The killer bee is heavily wounded.
The foxfire hits the killer bee.
The killer bee is heavily wounded.
You block the killer bee's attack.
The foxfire hits the killer bee but does no damage.
The killer bee is heavily wounded.
The killer bee stings you but does no damage.
Casting: Scorch (safe; 2% risk of failure)
Confirm with . or Enter, or press ? or * to list all spells.
Flames lash the killer bee.
The killer bee is almost dead.
The killer bee's fire resistance burns away.
* * * LOW HITPOINT WARNING * * *
You feel very sick. The killer bee stings you!
* * * LOW HITPOINT WARNING * * *
You focus on the pain.
You feel agile all of a sudden. The killer bee stings you.
* * * LOW HITPOINT WARNING * * *
Casting: Scorch (safe; 2% risk of failure)
Confirm with . or Enter, or press ? or * to list all spells.
Flames lash the killer bee.
The killer bee is burned terribly!
You kill the killer bee!
* * * LOW HITPOINT WARNING * * *
You feel very sick.
Your Fighting skill increases to level 1!
It was a potion of might.
You feel very mighty all of a sudden.
You die...

.. ....## #####.....#.
### #........... #.#
#...........
###.####...§.......
###....##....#.†.....
###....................
##..............@†......
#..#......>..........$#.
...#............####.##
.............#.... ..
.#................. .
.#..#....##........#
...##...###..).......
.#####...............
.#####....#


There were no monsters in sight!

Vanquished Creatures
  Edmund (D:6)
  A black bear (D:4)
  A necrophage (D:4)
  3 ogres
  2 scorpions
  4 killer bees (D:6)
  2 hounds (D:5)
  An orc priest (D:4)
  A bullfrog skeleton (D:4)
  Natasha (thrice) (D:4)
  3 iguanas
  An orc wizard (D:4)
  A hound skeleton (D:4)
  Robin (D:4)
  9 adders
  2 white imps
  A worm (D:3)
  2 dart slugs (D:1)
  8 orcs
  10 ball pythons
  7 endoplasms
  6 giant cockroaches
  11 goblins
  14 hobgoblins
  8 jackals
  3 quokkas
  5 bats (D:1)
  3 frilled lizards
  4 kobolds
  8 rats
126 creatures vanquished.

Vanquished Creatures (others)
  583 foxfires
583 creatures vanquished.

Grand Total: 709 creatures vanquished

Notes
Turn   | Place    | Note
-------+----------+-------------------------------------------
     0 | D:1      | Essalna the Demonspawn Fire Elementalist began the quest
                  | for the Orb.
     0 | D:1      | Reached XP level 1. HP: 13/13 MP: 3/3
   367 | D:1      | Gained mutation: When seriously injured, your blood forms
                  | armour. (AC +6) [demonic ancestry]
   367 | D:1      | Reached XP level 2. HP: 19/19 MP: 0/5
  1285 | D:1      | Gained mutation: You sometimes gain a little power by
                  | taking damage. [demonic ancestry]
  1285 | D:1      | Reached XP level 3. HP: 24/24 MP: 4/6
  1520 | D:1      | Found a faded altar of an unknown god.
  2057 | D:2      | Learned a level 2 spell: Scorch
  2158 | D:2      | Reached XP level 4. HP: 30/30 MP: 4/8
  3145 | D:3      | Found Zarhoik's Antique Weapon Boutique.
  3453 | D:4      | Noticed a black bear
  3464 | D:4      | Killed a black bear
  3465 | D:4      | Reached XP level 5. HP: 35/35 MP: 5/10
  3710 | D:4      | Gained mutation: You sometimes gain power by taking damage.
                  | [demonic ancestry]
  3710 | D:4      | Reached XP level 6. HP: 41/41 MP: 11/11
  3995 | D:4      | Reached XP level 7. HP: 46/46 MP: 9/13
  4277 | D:4      | Noticed Robin
  4285 | D:4      | Killed Robin
  4568 | D:4      | Noticed Natasha
  4574 | D:4      | Killed Natasha
  5082 | D:4      | Noticed Natasha
  5086 | D:4      | Killed Natasha
  5087 | D:4      | Reached skill level 5 in Fire Magic
  5090 | D:4      | Noticed Natasha
  5093 | D:4      | Killed Natasha
  5161 | D:5      | Entered Level 5 of the Dungeon
  5672 | D:5      | Reached skill level 5 in Conjurations
  5741 | D:5      | Reached skill level 5 in Spellcasting
  6447 | D:5      | Found a blossoming altar of Fedhas.
  6516 | D:6      | Noticed Edmund
  6521 | D:6      | Reached XP level 8. HP: 52/52 MP: 16/16
  6529 | D:6      | Killed Edmund
  6783 | D:6      | HP: 1/53 [poisoned by a killer bee]
  6784 | D:6      | Reached skill level 1 in Fighting
  6784 | D:6      | Succumbed to a killer bee's poison

Illustrated notes

Levels and vault maps discovered:
D:1:      saegor_arrival_simple_c, layout_loops_ring,
          hellmonk_ecumenical_altar_inner_sanctum
D:2:      layout_basic
D:3:      layout_basic, serial_shops, nicolae_shop_waterfront
D:4:      layout_layer_cave, uniq_natasha, uniq_robin
D:5:      layout_layer_cave, fedhas_altar_1
D:6:      layout_cave_pools, minmay_misc_feat_chi, uniq_edmund,
          uniq_blork_the_orc

Skill      XL: |  1  2  3  4  5  6  7  8 |
---------------+-------------------------+-----
Fire Magic     | 3 4 5 |  5.9
Conjurations   | 2 3 4 5 |  5.8
Spellcasting   | 3 4 5 |  5.7
Fighting       | 1 |  1.0
Dodging        | |  1.7
Stealth        | |  1.7
Shields        | |  0.9

Action                   |  1- 3 |  4- 6 |  7- 9 || total
-------------------------+-------+-------+-------++-------
Melee: Unarmed           |     4 |       |       ||     4
       Dagger            |    28 |     8 |       ||    36
       Hand axe          |       |       |     9 ||     9
 Cast: Foxfire           |    97 |   117 |   131 ||   345
       Scorch            |       |     3 |    20 ||    23
  Use: Potion            |       |       |     1 ||     1
Armor: Robe              |    10 |     2 |     5 ||    17
Dodge: Dodged            |    33 |     8 |    19 ||    60
Block: Buckler           |       |       |     2 ||     2

Table legend: (Time is in decaauts)
 A = Elapsed time spent in this place.
 B = Non-inter-level travel time spent in this place.
 C = Inter-level travel time spent in this place.
 D = Time resting spent in this place.
 E = Time spent auto-exploring this place.
 F = Levels seen in this place.
 G = Mean time per level.
                   A        B        C        D        E       F      G
               +--------+--------+--------+--------+--------+-----+--------+
         Total |   6785 |   6611 |    174 |    183 |   5624 |   6 | 1130.8 |
       Dungeon |   6785 |   6611 |    174 |    183 |   5624 |   6 | 1130.8 |
               +--------+--------+--------+--------+--------+-----+--------+

Top non-repeatable levels by time:
     D:4: 1721 daAuts
     D:1: 1570 daAuts
     D:5: 1355 daAuts
     D:2: 1191 daAuts
     D:3: 679 daAuts
     D:6: 267 daAuts
